 Dungeon Crawl Stone Soup version 0.25-a0-290-g4a1327e (webtiles) character file.

Game seed: 1297544415215104279, levelgen mode: deterministic

113465 MrTaco21 the Warrior (level 16, -2/116 HPs)
             Began as a Gargoyle Fighter on Dec 14, 2019.
             Was an Initiate of Gozag.
             Slain by a tarantella (6 damage)
             ... on level 2 of the Spider Nest.
             The game lasted 02:01:22 (33829 turns).

MrTaco21 the Warrior (Gargoyle Fighter)            Turns: 33829, Time: 02:01:22

Health: -2/116     AC: 36    Str: 33    XL:     16   Next: 63%
Magic:  0/16       EV: 13    Int: 13    God:    Gozag
Gold:   6867       SH:  0    Dex: 11    Spells: 15/15 levels left

rFire    . . .     SeeInvis +   t - +2 flail of Integrity {crush, +Fly Str+2 Int+3} (curse)
rCold    . . .     Gourm    .   L - +1 shield
rNeg     + + .     Faith    .   I - +0 plate armour
rPois    ∞         Spirit   +   h - +0 helmet
rElec    +         Reflect  .   p - scarf {repulsion}
rCorr    +         Harm     .   T - +1 pair of gloves of the Desert {rElec rPois Dex-4 SInv}
MR       +....                  m - +2 pair of boots of Immorality {rPois Dex-3 Stlth+}
Stlth    ..........             O - amulet of guardian spirit
HPRegen  0.29/turn              N - ring of the Marlin {rCorr Dex+4}
MPRegen  0.15/turn              w - ring of positive energy

@: confused, mighty, agile, flying, repel missiles
A: big wings, blurry vision 1, negative energy resistance 1, electricity
resistance, unbreathing, petrification resistance, rot immunity, AC +12
a: Stop Flying, Potion Petition, Call Merchant, Bribe Branch, Renounce Religion


You were on level 2 of the Spider Nest.
You worshipped Gozag.
Gozag was greatly pleased with you.
You were full.

You visited 5 branches of the dungeon, and saw 26 of its levels.

You collected 8286 gold pieces.
You spent 1315 gold pieces at shops.
You paid 104 gold pieces to Gozag.

Inventory:

Hand Weapons
 k - a +9 mace of protection
   (You took it off Terence on level 2 of the Dungeon)
 t - the cursed +2 flail of Integrity (weapon) {crush, +Fly Str+2 Int+3}
   (You bought it in a shop on level 2 of the Orcish Mines)

   It inflicts extra damage upon your enemies.
   It affects your strength (+2).
   It affects your intelligence (+3).
   It lets you fly.
   It has a curse placed upon it.
Missiles
 B - 3 throwing nets (quivered) {!f}
Armour
 h - a +0 helmet (worn)
   (You took it off Robin on level 2 of the Dungeon)
 m - the +2 pair of boots of Immorality (worn) {rPois Dex-3 Stlth+}
   (You found it on level 7 of the Dungeon)

   It affects your dexterity (-3).
   It protects you from poison.
   It makes you more stealthy.
 p - a scarf of repulsion (worn)
   (You bought it in a shop on level 2 of the Orcish Mines)
 I - a +0 plate armour (worn)
   (You took it off an orc warrior on level 10 of the Dungeon)
 L - a +1 shield (worn)
 T - the +1 pair of gloves of the Desert (worn) {rElec rPois Dex-4 SInv}
   (You found it on level 2 of the Spider Nest)

   It affects your dexterity (-4).
   It insulates you from electricity.
   It protects you from poison.
   It lets you see invisible.
Jewellery
 w - a ring of positive energy (right hand)
   (You found it on level 5 of the Dungeon)
 N - the ring of the Marlin (left hand) {rCorr Dex+4}
   (You found it on level 9 of the Dungeon)

   [ring of resist corrosion]

   It affects your dexterity (+4).
   It provides partial protection from all sources of acid and corrosion.
 O - an amulet of guardian spirit (around neck)
   (You found it on level 13 of the Dungeon)
Wands
 b - a wand of clouds (6)
   (You found it on level 14 of the Dungeon)
 c - a wand of disintegration (22)
   (You found it on level 14 of the Dungeon)
 d - a wand of iceblast (18)
   (You found it on level 9 of the Dungeon)
 y - a wand of polymorph (18)
   (You found it on level 5 of the Dungeon)
 D - a wand of enslavement (10)
   (You found it on level 1 of the Spider Nest)
Scrolls
 a - 8 scrolls of fog
 g - 7 scrolls of amnesia
 i - 3 scrolls of enchant weapon
 j - 11 scrolls of remove curse {@r2}
 n - a scroll of silence {unknown}
 r - 4 scrolls of identify {@r1}
 u - 3 scrolls of immolation {unknown}
 x - 4 scrolls of fear {unknown}
 z - 5 scrolls of blinking
 A - 2 scrolls of noise {unknown}
 C - 3 scrolls of teleportation {@r4}
 G - a scroll of random uselessness {unknown}
 M - 3 scrolls of magic mapping
 P - a scroll of vulnerability {unknown}
 S - a scroll of summoning {unknown}
 Z - 4 scrolls of holy word
Potions
 f - a potion of heal wounds {@q2}
 l - 2 potions of lignification {unknown}
 o - 6 potions of brilliance
 q - 3 potions of magic
 s - 3 potions of mutation {!q}
 v - 9 potions of curing {@q1}
 E - 2 potions of agility
 F - 2 potions of invisibility {unknown}
 H - 2 potions of might
 J - a potion of haste {unknown}
 K - a potion of berserk rage
 R - a potion of degeneration {unknown}
 V - 2 potions of ambrosia {unknown}
Comestibles
 e - 5 rations {!d}


   Skills:
 + Level 18.8 Fighting
 - Level 14.0 Maces & Flails
 + Level 14.3 Armour
 + Level 14.3 Shields


You had 15 spell levels left.
You didn't know any spells.
Your spell library contained the following spells:

 Spells                   Type           Power        Failure   Level  Hunger
 Apportation              Tloc           #.....       86%         1    ##.....
 Beastly Appendage        Tmut           #.....       86%         1    ##.....
 Corona                   Hex            #......      86%         1    ##.....
 Magic Dart               Conj           #...         86%         1    ##.....
 Sandblast                Erth           #.....       86%         1    ##.....
 Shock                    Conj/Air       #...         86%         1    ##.....
 Summon Butterflies       Summ           #.......     86%         1    ##.....
 Blink                    Tloc           N/A          94%         2    ###....
 Call Imp                 Summ           #.......     94%         2    ###....
 Ensorcelled Hibernation  Hex/Ice        #.....       94%         2    ###....
 Passwall                 Tmut/Erth      #.......     94%         2    ###....
 Poisonous Vapours        Pois/Air       #.....       94%         2    ###....
 Searing Ray              Conj           #.....       94%         2    ###....
 Slow                     Hex            #.......     94%         2    ###....
 Sticks to Snakes         Tmut           #.......     94%         2    ###....
 Swiftness                Chrm/Air       #.......     94%         2    ###....
 Confuse                  Hex            #.......     99%         3    ####...
 Conjure Flame            Conj/Fire      #.......     99%         3    ####...
 Dazzling Flash           Conj/Hex       #.....       99%         3    ####...
 Lesser Beckoning         Tloc           #.........   99%         3    ####...
 Mephitic Cloud           Conj/Pois/Air  #.......     99%         3    ####...
 Spider Form              Tmut/Pois      #.........   99%         3    ####...
 Static Discharge         Conj/Air       #.......     99%         3    ####...
 Stone Arrow              Conj/Erth      #.....       99%         3    ####...
 Tukima's Dance           Hex            #.......     99%         3    ####...
 Airstrike                Air            #.........   100%        4    #####..
 Fulminant Prism          Conj/Hex       #.........   100%        4    #####..
 Ice Form                 Ice/Tmut       #.......     100%        4    #####..
 Iskenderun's Mystic Bla  Conj/Tloc      #.......     100%        4    #####..
 Petrify                  Tmut/Erth      #.......     100%        4    #####..
 Alistair's Intoxication  Tmut/Pois      #.......     100%        5    ######.
 Blade Hands              Tmut           #.........   100%        5    ######.
 Irradiate                Conj/Tmut      #.........   100%        5    ######.
 Lee's Rapid Deconstruct  Erth           #.........   100%        5    ######.
 Lightning Bolt           Conj/Air       #.........   100%        5    ######.
 Freezing Cloud           Conj/Ice/Air   #.........   100%        6    #######
 Hydra Form               Tmut           #.........   100%        6    #######
 Invisibility             Hex            #.......     100%        6    #######
 Dragon Form              Tmut           #.........   100%        7    #######
 Ring of Flames           Chrm/Fire      #.........   100%        7    #######
 Statue Form              Tmut/Erth      Unusable     N/A         6    N/A

Dungeon Overview and Level Annotations

Branches:
Dungeon (15/15)            Temple (1/1) D:6            Lair (6/6) D:10
 Shoals (0/4) Lair:2       Spider (2/4) Lair:3        Slime (0/5) Lair:5
    Orc (2/2) D:9             Elf (0/3) Orc:2        Vaults (0/5) D:13
 Depths (0/5) D:15

Altars:
Ashenzari
Cheibriados
Dithmenos
Elyvilon
Fedhas
Gozag
Hepliaklqana
Kikubaaqudgha
Makhleb
Nemelex Xobeh
Okawaru
Qazlal
Ru
Sif Muna
Trog
Uskayaw
Vehumet
Wu Jian
Xom
Yredelemnul
Zin
The Shining One
Beogh

Shops:
D:7 }   D:11 [   D:12 =   D:14 (   Orc:2 [(([


Innate Abilities, Weirdness & Mutations

You are resistant to torment.
Your stone body is resilient. (AC +12)
You are immune to poison.
Your large and strong wings let you fly indefinitely.
You resist negative energy. (rN+)
You are resistant to electric shocks. (rElec)
You can survive without breathing.
You are immune to petrification.
You are immune to rotting.
Scrolls take you a little longer to read.


Message History

The jumping spider bites you but does no damage.
The wolf spider becomes distracted by the nearby gold, dreaming of imaginary riches.
The tarantella misses you.
The wolf spider hisses angrily.
You bump into the rock wall.
The tarantella bites you.
* * * LOW HITPOINT WARNING * * *
You are more confused.
The jumping spider pounces on you but does no damage.
The jumping spider closely misses you.
The tarantella bites you but does no damage.
The tarantella bites you!
* * * LOW HITPOINT WARNING * * *
You are more confused.
The jumping spider pounces on you but does no damage.
The jumping spider bites you.
* * * LOW HITPOINT WARNING * * *
You feel much better. The tarantella barely misses you. x2
The jumping spider leaps!
The tarantella barely misses you.
You feel agile all of a sudden. The tarantella closely misses you.
The tarantella barely misses you.
The tarantella bites you but does no damage.
You bump into the rock wall.
The tarantella bites you but does no damage.
The tarantella barely misses you. The tarantella misses you.
You bump into the rock wall.
The wolf spider is no longer distracted by gold.
The tarantella bites you!
* * * LOW HITPOINT WARNING * * *
You are more confused.
The wolf spider closely misses you. The wolf spider bites you!
* * * LOW HITPOINT WARNING * * *
The tarantella bites you but does no damage. x2
The jumping spider pounces on you but does no damage.
The jumping spider bites you but does no damage.
The wolf spider hits you but does no damage.
The wolf spider misses you.
You bump into the rock wall.
The tarantella completely misses you. x2
The jumping spider pounces on you but does no damage.
The jumping spider closely misses you.
The wolf spider hits you but does no damage.
The wolf spider bites you but does no damage.
The tarantella bites you but does no damage.
You barely miss the jumping spider. The tarantella bites you!
* * * LOW HITPOINT WARNING * * *
The jumping spider leaps!
The wolf spider hits you but does no damage.
The wolf spider bites you but does no damage.
The tarantella bites you!
You die...
Your body crumbles into a pile of gold.

....^..#..^.#..### ..
.##..#.##......# .#
##.####...^.#.... ..
###.....##.#....
.##.......#..#......
..^........#..#....#.
..#......###.....###
. #..##○s..#.... #..
#@#..# ... . #.
#ss.##...# ^.#.
#..##.<..# .....
#s........
....^.#.^##.#...
...............^
.....#^..s.##..# .#..
###....# %# ...
.....# .


You could see a wolf spider, an orb spider, a jumping spider and 2 tarantellas.

Vanquished Creatures
  Saint Roka (Orc:1)
  Rupert (Lair:5)
  An orc warlord (Orc:2)
  An entropy weaver (Lair:3)
  Nessos (D:12)
  The ghost of bonscott the Thaumaturge, a journeyman GnWr of Cheibriados (Lair:4)
  4 vault guards (D:13)
  2 catoblepae (Lair:6)
  9 hydras
  2 centaur warriors
  4 two-headed ogres
  A deep troll shaman (Lair:6)
  5 orc high priests
  10 death yaks
  Sonja (Lair:6)
  A sun demon (D:15)
  5 unseen horrors
  A glowing orange brain (D:15)
  4 skeletal warriors
  A wizard (D:15)
  5 orc knights
  An orb spider (Spider:1)
  2 deep elf magi
  5 wolf spiders
  6 orc sorcerers
  23 ugly things
  5 cyclopes
  11 elephants
  2 oklob plants (Lair:4)
  2 manticores
  3 merfolk sirens (Lair:2)
  Psyche (D:8)
  2 gargoyles
  6 black mambas
  9 spiny frogs
  5 centaur skeletons
  A kobold demonologist (D:8)
  A yaktaur (D:15)
  5 komodo dragons
  3 rime drakes
  An ice devil (D:15)
  A komodo dragon (shapeshifter) (D:15)
  2 efreet
  2 tengu conjurers (D:15)
  6 demonic crawlers
  5 trolls
  2 polar bears
  Grinder (D:6)
  3 hornets
  12 jumping spiders
  2 merfolk
  5 slime creatures
  13 hippogriffs
  22 redbacks
  9 tarantellas
  A shadow (D:12)
  3 wyverns
  2 wraiths
  14 yaks
  2 basilisks
  3 vampire mosquitoes
  5 hungry ghosts
  15 wargs
  2 soldier ants
  A swamp worm (shapeshifter) (D:15)
  An acid dragon (D:14)
  Duvessa (D:6)
  7 water moccasins
  9 porcupines
  36 orc warriors
  An eye of draining (D:13)
  3 sky beasts
  5 ice beasts
  2 phantoms
  2 black bears
  11 wolves
  A necrophage (D:13)
  16 ogres
  5 centaurs
  8 crocodiles
  5 big kobolds
  10 bullfrogs
  Dowan (D:6)
  A water moccasin skeleton (D:5)
  4 scorpions
  10 killer bees
  16 wights
  2 electric eels (Spider:1)
  14 crimson imps
  2 bullfrog zombies
  13 hounds
  4 bullfrog skeletons
  24 orc priests
  17 jellies
  20 orc wizards
  Crazy Yiuf (D:2)
  5 iguanas
  Terence (D:2)
  13 worker ants
  A hound zombie (D:6)
  2 hound skeletons
  A worker ant zombie (D:7)
  Robin (D:2)
  7 gnolls
  5 adders
  3 shadow imps
  4 white imps
  An adder zombie (D:5)
  3 adder skeletons
  2 worms
  3 dart slugs
  5 leopard geckos
  129 orcs
  3 bats (D:3)
  4 giant cockroaches
  8 hobgoblins (D:2)
  3 jackals (D:8)
  8 quokkas
  2 ball pythons
  7 frilled lizards
  14 goblins
  A jackal zombie (D:8)
  28 kobolds
  9 rats
  2 plants
815 creatures vanquished.

Vanquished Creatures (others)
  A redback (Spider:1)
  3 fungi (Lair:6)
  4 plants
8 creatures vanquished.

Grand Total: 823 creatures vanquished

Notes
Turn   | Place    | Note
-------+----------+-------------------------------------------
     0 | D:1      | MrTaco21 the Gargoyle Fighter began the quest for the Orb.
     0 | D:1      | Reached XP level 1. HP: 14/14 MP: 1/1
   155 | D:1      | Reached XP level 2. HP: 17/19 MP: 2/2
   561 | D:1      | Reached XP level 3. HP: 22/24 MP: 3/3
   609 | D:1      | Reached skill level 4 in Fighting
   812 | D:2      | Noticed Robin
   840 | D:2      | Killed Robin
   853 | D:2      | Reached XP level 4. HP: 13/30 MP: 4/4
  1083 | D:2      | Noticed Terence
  1102 | D:2      | Killed Terence
  1421 | D:2      | Found a runed translucent door.
  1422 | D:2      | Noticed Crazy Yiuf
  1817 | D:2      | Killed Crazy Yiuf
  1898 | D:2      | Reached XP level 5. HP: 33/34 MP: 5/5
  1959 | D:3      | Reached skill level 5 in Fighting
  2669 | D:4      | Reached XP level 6. HP: 40/40 MP: 6/6
  2782 | D:5      | Entered Level 5 of the Dungeon
  2782 | D:5      | Noticed an ice beast
  2909 | D:5      | Killed an ice beast
  2909 | D:5      | Reached skill level 6 in Fighting
  2909 | D:5      | Reached skill level 5 in Maces & Flails
  3023 | D:5      | Found a sacrificial altar of Ru.
  3182 | D:5      | Reached XP level 7. HP: 42/47 MP: 7/7
  3649 | D:6      | Found a staircase to the Ecumenical Temple.
  3662 | D:6      | Reached skill level 7 in Fighting
  3725 | D:6      | Noticed Duvessa
  3735 | D:6      | Killed Duvessa
  3742 | Temple   | Entered the Ecumenical Temple
  3984 | Temple   | Became a worshipper of Gozag Ym Sagoz the Greedy
  4160 | D:6      | Noticed Grinder
  4168 | D:6      | Paralysed by Grinder for 7 turns
  4175 | D:6      | Noticed Dowan
  4201 | D:6      | Paralysed by Grinder for 5 turns
  4610 | D:6      | Paralysed by Grinder for 7 turns
  4623 | D:6      | Paralysed by Grinder for 2 turns
  4628 | D:6      | Reached XP level 8. HP: 35/53 MP: 6/8
  4629 | D:6      | Killed Grinder
  4629 | D:6      | Reached skill level 8 in Fighting
  4750 | D:6      | Killed Dowan
  5221 | D:7      | Got a pair of heavily runed boots
  5233 | D:7      | Identified the +2 pair of boots of Immorality {rPois Dex-3
                  | Stlth+} (You found it on level 7 of the Dungeon)
  5312 | D:7      | Found Gigami's Gadget Boutique.
  5348 | D:7      | Reached skill level 9 in Fighting
  5360 | D:7      | Reached XP level 9. HP: 53/60 MP: 7/9
  6076 | D:8      | Noticed Psyche
  6082 | D:8      | Killed Psyche
  6082 | D:8      | Reached skill level 10 in Fighting
  6619 | D:8      | Reached skill level 11 in Fighting
  6627 | D:8      | Reached XP level 10. HP: 69/69 MP: 10/10
  6631 | D:8      | Reached skill level 10 in Maces & Flails
  6642 | D:8      | Noticed a cyclops
  6642 | D:8      | Noticed a kobold demonologist
  7495 | D:8      | You fall into a shaft and drop 1 floor!
  7495 | D:9      | Found a staircase to the Orcish Mines.
  7889 | D:9      | Found a burning altar of Makhleb.
  8441 | D:9      | Reached skill level 12 in Fighting
  8486 | D:9      | Noticed a purple ugly thing
  8502 | D:9      | Killed a purple ugly thing
  8579 | D:9      | Found a stormy altar of Qazlal.
  8585 | D:9      | Noticed a two-headed ogre
  8957 | D:9      | Killed a two-headed ogre
  8957 | D:9      | Reached XP level 11. HP: 61/76 MP: 8/11
  9134 | D:9      | Killed an unseen horror
  9238 | D:9      | Found a sacrificial altar of Ru.
  9261 | D:9      | Noticed a deep elf mage
  9630 | D:8      | Reached skill level 13 in Fighting
  9669 | D:8      | Paralysed by a chaos spawn for 4 turns
  9674 | D:8      | HP: 3/78 [chaos spawn[a kobold demonologist] (14)]
 10274 | D:8      | Killed a cyclops
 10413 | D:10     | Entered Level 10 of the Dungeon
 10670 | D:10     | Found a staircase to the Lair.
 11374 | D:11     | Found a gate leading to a gauntlet.
 11394 | D:11     | Noticed a cyclops
 11438 | D:11     | HP: 1/78 [hornet (5)]
 11771 | D:11     | Noticed a two-headed ogre
 11791 | D:11     | Killed a two-headed ogre
 11872 | D:11     | Noticed a cyclops
 11885 | D:11     | Noticed an eight-headed hydra
 11888 | D:11     | Killed a cyclops
 11925 | D:11     | Killed an eight-headed hydra
 11977 | D:11     | Reached skill level 14 in Fighting
 12228 | D:11     | Found Wyxtobbosh's Armour Shop.
 12686 | D:11     | Reached XP level 12. HP: 85/85 MP: 12/12
 13779 | D:11     | Reached skill level 5 in Armour
 13779 | D:11     | Reached skill level 5 in Shields
 14204 | D:12     | Found Keochuq's Jewellery Shoppe.
 14400 | D:12     | Noticed Nessos
 14438 | D:12     | Killed Nessos
 14688 | D:12     | Noticed a two-headed ogre
 14705 | D:12     | Killed a two-headed ogre
 14889 | D:12     | Got an encrusted long sword
 15302 | D:13     | Noticed an eight-headed hydra
 15314 | D:13     | Killed an eight-headed hydra
 15841 | D:13     | Noticed a centaur warrior
 15856 | D:13     | Killed a centaur warrior
 15856 | D:13     | Reached skill level 15 in Fighting
 15856 | D:13     | Reached XP level 13. HP: 86/92 MP: 9/13
 16014 | D:13     | Found a gate to the Vaults.
 16014 | D:13     | Noticed a vault guard
 16014 | D:13     | Noticed a vault guard
 16014 | D:13     | Noticed a vault guard
 16077 | D:13     | Noticed a vault guard
 16089 | D:13     | Identified the +2 chain mail of Forking Paths {rC- Str+4
                  | Stlth+}
 16162 | D:13     | Killed a vault guard
 16195 | D:13     | Killed a vault guard
 16215 | D:13     | Killed a vault guard
 16265 | D:13     | Killed a vault guard
 16444 | D:13     | Found a glowing golden altar of the Shining One.
 16594 | D:13     | Identified the +8 long sword of the Orb {drain, rN++ Int+4
                  | Dex+4} (You found it on level 12 of the Dungeon)
 16874 | D:14     | Found Fuedomao's Weapon Boutique.
 17541 | D:15     | Entered Level 15 of the Dungeon
 18644 | D:15     | Found a blossoming altar of Fedhas.
 18724 | D:15     | Reached skill level 16 in Fighting
 18909 | D:14     | Gained mutation: Your large and strong wings let you fly
                  | indefinitely. [Gargoyle growth]
 18909 | D:14     | Reached XP level 14. HP: 97/100 MP: 12/14
 19208 | D:14     | Reached skill level 10 in Armour
 19214 | D:14     | Reached skill level 10 in Shields
 20302 | D:15     | Found a staircase to the Depths.
 21077 | Lair:1   | Entered Level 1 of the Lair of Beasts
 22400 | Lair:2   | Found a staircase to the Shoals.
 22701 | Lair:3   | Reached skill level 17 in Fighting
 22823 | Lair:3   | Found a hole to the Spider Nest.
 22880 | Lair:3   | Found the +3 sling "Punk" {acid, rCorr}
 22929 | Lair:3   | Got a bone shortbow
 23474 | Lair:4   | Reached XP level 15. HP: 68/107 MP: 9/15
 23856 | Lair:4   | Found a transporter.
 23856 | Lair:4   | Noticed bonscott's ghost (journeyman GnWr)
 24320 | Lair:4   | Found a transporter.
 24571 | Lair:4   | Got a smoking leather armour
 24863 | Lair:4   | Killed bonscott's ghost
 25031 | Lair:5   | Found a staircase to the Slime Pits.
 25527 | Lair:5   | Noticed Rupert
 25560 | Lair:5   | Killed Rupert
 25846 | Lair:6   | Entered Level 6 of the Lair of Beasts
 26030 | Lair:6   | Noticed Sonja
 26050 | Lair:6   | Killed Sonja
 26341 | Lair:6   | Got an ancient leather armour
 27890 | D:9      | Got a fine longbow
 27894 | D:9      | Got a coiled steel ring
 27898 | D:9      | Identified the ring of the Marlin {rCorr Dex+4} (You found
                  | it on level 9 of the Dungeon)
 28024 | Orc:1    | Entered Level 1 of the Orcish Mines
 28035 | Orc:1    | Reached skill level 18 in Fighting
 28150 | Orc:2    | Entered Level 2 of the Orcish Mines
 28246 | Orc:2    | Paralysed by an orc sorcerer for 2 turns
 28423 | Orc:2    | Paralysed by an orc sorcerer for 7 turns
 28749 | Orc:2    | Noticed Saint Roka
 29171 | Orc:2    | Paralysed by an orc sorcerer for 4 turns
 29337 | Orc:1    | Paralysed by an orc sorcerer for 5 turns
 29359 | Orc:1    | Paralysed by an orc sorcerer for 4 turns
 29371 | Orc:1    | HP: 2/108 [Saint Roka/+3 broad axe of freezing (4)]
 29388 | Orc:1    | Killed Saint Roka
 29388 | Orc:1    | Reached XP level 16. HP: 48/114 MP: 1/16
 29736 | Orc:2    | Found a roughly hewn altar of Beogh.
 29743 | Orc:2    | Found a staircase to the Elven Halls.
 29871 | Orc:2    | Found a roughly hewn altar of Beogh.
 29889 | Orc:2    | Found a roughly hewn altar of Beogh.
 30083 | Orc:2    | Found a roughly hewn altar of Beogh.
 30568 | Orc:2    | Found a roughly hewn altar of Beogh.
 30658 | Orc:2    | Found a roughly hewn altar of Beogh.
 30680 | Orc:2    | Found Losmopov's Antique Armour Shoppe.
 30696 | Orc:2    | Bought a pair of ancient gloves for 266 gold pieces
 30706 | Orc:2    | Identified the cursed +0 pair of gloves of Intuition
                  | {*Contam rPois Str+3 Int+3} (You bought it in a shop on
                  | level 2 of the Orcish Mines)
 30718 | Orc:2    | Bought a pair of runed boots for 210 gold pieces
 30750 | Orc:2    | Gained mutation: Scrolls take you a little longer to read.
                  | [mutagenic glow]
 30808 | Orc:2    | Found a roughly hewn altar of Beogh.
 30858 | Orc:2    | Found Kioxt's Antique Weapon Shoppe.
 30863 | Orc:2    | Bought a scorched flail for 297 gold pieces
 30863 | Orc:2    | Identified the cursed +2 flail of Integrity {crush, +Fly
                  | Str+2 Int+3} (You bought it in a shop on level 2 of the
                  | Orcish Mines)
 30948 | Orc:2    | Found Ciklel's Antique Armour Shoppe.
 30957 | Orc:2    | Found Qaab's Antique Weapon Emporium.
 30958 | Orc:2    | Found a roughly hewn altar of Beogh.
 30966 | Orc:2    | Bought an embroidered scarf for 280 gold pieces
 30966 | Orc:2    | Bought a pair of runed gloves for 262 gold pieces
 31273 | Orc:1    | Found a roughly hewn altar of Beogh.
 31293 | Orc:1    | Found a roughly hewn altar of Beogh.
 31658 | Spider:1 | Entered Level 1 of the Spider Nest
 33286 | Spider:2 | Got a pair of jewelled gloves
 33547 | Spider:2 | Identified the +1 pair of gloves of the Desert {rElec rPois
                  | Dex-4 SInv} (You found it on level 2 of the Spider Nest)
 33823 | Spider:2 | HP: 2/116 [jumping spider (4)]
 33829 | Spider:2 | HP: 4/116 [tarantella (9)]
 33829 | Spider:2 | Slain by a tarantella

Levels and vault maps discovered:
D:1:      shiori_arrival_maze, layout_basic
D:2:      layout_loops_ring, first_ration, uniq_terence,
          uniq_crazy_yiuf_cottage, uniq_robin
D:3:      layout_rooms, serial_glass, glass_columns_a, glass_columns_c
D:4:      layout_cave_pools
D:5:      layout_basic, nicolae_ru_the_path_less_chosen
D:6:      layout_basic, minmay_temple_entry_stoned_glass, uniq_grinder,
          uniq_duvessa
D:7:      layout_gridville, serial_shops, nicolae_shop_crystal, serial_rivers,
          chequers_serial_rivers_micro_a, chequers_serial_rivers_micro_e,
          chequers_serial_rivers_room_a, chequers_serial_rivers_small_b,
          chequers_serial_rivers_micro_e, minmay_misc_feat_pillars, st_stairs_11
D:8:      minmay_chambers_of_sevens, layout_loops_corners, uniq_psyche
D:9:      minmay_the_grid_octo_tiled_squarecenter
          [minmay_the_grid_octo_tetromino_candy, minmay_the_grid_octo_pinwheel,
          minmay_the_grid_octo_vomiting_pacman, minmay_the_grid_octo_fan_narrow,
          minmay_the_grid_square_5x5_megaprize_diamond,
          minmay_the_grid_square_5x5_minivault,
          minmay_the_grid_square_5x5_hollow_slash, minmay_the_grid_square_5x5_c,
          minmay_the_grid_square_5x5_corner], layout_cave_pools,
          kennysheep_mini, hangedman_fish_farm
D:10:     layout_loops_ring, lair_entry_dummy
D:11:     lemuel_castle_with_subvaults [lemuel_castle_interior_original],
          layout_irregular_city, serial_shops, shop, serial_column_ruins,
          column_ruins_square_medium, column_ruins_square_medium,
          column_ruins_grid_4, column_ruins_grid_2, column_ruins_grid_4,
          column_ruins_open_tiny, column_ruins_grid_1, gauntlet_entry_generic
D:12:     layout_loops_ring, serial_shops, shop, uniq_nessos
D:13:     layout_loops_ring, lightli_vaults_fourway_checkpoint, basic_altar
D:14:     layout_basic, serial_shops, shop, nrook_pool_corridor
D:15:     gammafunk_enter_depths_forms, layout_rooms,
          hangedman_abyss_or_decor_stagger, basic_altar,
          hangedman_abyss_or_decor_slice, serial_bayou_pond_a,
          minmay_fire_ice_demons
Temple:   roderic_octagonal_lattice_temple
Lair:1:   layout_hall_layers, lemuel_fruit_fields
Lair:2:   layout_long_grid, elwin_shoals_entry_stream
Lair:3:   layout_chaotic_city, dummy_spider_entry,
          eino_small_chamber_without_monster, grunt_megastairs_5
Lair:4:   layout_small_grid, gammafunk_ghost_arena, lemuel_fruit_tree,
          minmay_lair_oklob_chamber, serial_bayou_shore_b,
          infiniplex_staircase_pool_2
Lair:5:   layout_hall_layers, minmay_slime_entry_jelly_boxes, minivault_26,
          uniq_rupert
Lair:6:   grunt_lair_end_beastmaster, layout_cave_pods, st_stairs_8, uniq_sonja
Spider:1: layout_spider_delve, hive_lemuel
Spider:2: layout_spider_delve, uniq_louise
Orc:1:    layout_diamond_mine, basic_altar, david_defended_altar_orc
Orc:2:    grunt_orc_community_town_hall, layout_caves,
          grunt_orc_community_big_house_2, grunt_orc_community_big_house_2,
          grunt_orc_community_house_3, grunt_orc_community_house_3,
          grunt_orc_community_house_3, grunt_orc_community_house_1,
          grunt_orc_community_house_2, basic_altar, uniq_saint_roka

Skill      XL: |  1  2  3  4  5  6  7  8  9 10 11 12 13 14 15 16 |
---------------+-------------------------------------------------+-----
Fighting       | 4 5 6 7 9 11 12 14 15 16 17 18 | 18.8
Maces & Flails | 3 4 5 6 8 9 11 13 14 | 14.0
Shields        | 4 7 9 11 13 14 | 14.3
Armour         | 4 7 9 11 13 14 | 14.3

Action                   |  1- 3 |  4- 6 |  7- 9 | 10-12 | 13-15 | 16-18 || total
-------------------------+-------+-------+-------+-------+-------+-------++-------
Melee: Flail             |   163 |    29 |       |       |       |   395 ||   587
       Mace              |       |   100 |   291 |   993 |  1791 |   304 ||  3479
 Abil: Fly               |       |       |       |       |     1 |       ||     1
  Use: Scroll            |       |     2 |     4 |    10 |     8 |     1 ||    25
       Potion            |       |       |       |     4 |     5 |     4 ||    13
 Stab: Distracted        |       |       |       |     2 |     2 |     5 ||     9
       Petrified         |       |       |       |       |    18 |       ||    18
  Eat: Chunk             |       |     7 |     3 |       |       |       ||    10
       Ration            |       |       |     6 |    13 |    14 |     5 ||    38
Armor: Scale mail        |    76 |    59 |   143 |       |       |       ||   278
       Chain mail        |       |       |    35 |   374 |       |       ||   409
       Plate armour      |       |       |       |   486 |  1139 |   631 ||  2256
Dodge: Dodged            |    52 |    42 |    83 |   198 |   306 |   271 ||   952
       Deflected         |       |       |       |       |       |     2 ||     2
Block: Shield            |    69 |    51 |   171 |   502 |   935 |   532 ||  2260

Table legend:
 A = Non-vault XP
 B = Vault XP
 C = Vault XP percentage of total XP
 D = Non-vault monster count
 E = Vault monster count
 F = Vault count percentage of total count
                 A         B        C        D         E       F
            +---------+---------+-------+---------+---------+-------
      Total |  100187 |   61906 |  38.2 |     540 |     274 |  33.7
            +---------+---------+-------+---------+---------+-------
        D:1 |      35 |       3 |   7.9 |      21 |       2 |   8.7
        D:2 |      21 |     108 |  83.7 |      11 |      14 |  56.0
        D:3 |      74 |       0 |   0.0 |      16 |       0 |   0.0
        D:4 |      87 |       0 |   0.0 |      12 |       0 |   0.0
        D:5 |     383 |       0 |   0.0 |      14 |       0 |   0.0
        D:6 |     610 |     523 |  46.2 |      20 |       3 |  13.0
        D:7 |    1038 |      61 |   5.6 |      23 |       2 |   8.0
        D:8 |    1423 |    2159 |  60.3 |      31 |      13 |  29.5
        D:9 |    1512 |    5287 |  77.8 |      19 |      25 |  56.8
       D:10 |    1653 |     736 |  30.8 |      26 |       2 |   7.1
       D:11 |    3862 |    3959 |  50.6 |      28 |      57 |  67.1
       D:12 |    4838 |    1441 |  22.9 |      27 |       2 |   6.9
       D:13 |    5698 |    5741 |  50.2 |      39 |       9 |  18.8
       D:14 |   13679 |     131 |   0.9 |      36 |       5 |  12.2
       D:15 |   12702 |    5553 |  30.4 |      31 |      13 |  29.5
     Lair:1 |    2636 |       0 |   0.0 |      10 |       0 |   0.0
     Lair:2 |    3820 |    1699 |  30.8 |      18 |       4 |  18.2
     Lair:3 |   11569 |     721 |   5.9 |      32 |       6 |  15.8
     Lair:4 |    5688 |    2624 |  31.6 |      12 |       5 |  29.4
     Lair:5 |    1686 |    3475 |  67.3 |       7 |      14 |  66.7
     Lair:6 |    7996 |   10805 |  57.5 |      16 |      20 |  55.6
   Spider:1 |    4418 |       0 |   0.0 |      16 |       0 |   0.0
   Spider:2 |    8206 |       0 |   0.0 |      29 |       0 |   0.0
      Orc:1 |    4156 |    6643 |  61.5 |      20 |       6 |  23.1
      Orc:2 |    2397 |   10237 |  81.0 |      26 |      72 |  73.5
            +---------+---------+-------+---------+---------+-------
